 Dungeon Crawl Stone Soup version 0.30-a0-134-gb40fab5 (webtiles) character file.

Game seed: 383016800252804805

94 PublicAnimeNo1 the Chopper (level 4, -1/40 HPs)
             Began as a Hill Orc Fighter on Sept 19, 2022.
             Slain by a gnoll
             ... wielding a +0 spear
              (6 damage)
             ... on level 3 of the Dungeon.
             The game lasted 00:02:55 (2187 turns).

PublicAnimeNo1 the Chopper (Hill Orc Fighter)       Turns: 2187, Time: 00:02:56

Health: -1/40      AC:  9    Str: 20    XL:     4   Next: 63%
Magic:  4/4        EV:  5    Int:  8    God:
Gold:   142        SH:  8    Dex: 10    Spells: 3/3 levels left

rFire   . . .      SeeInvis .    a - +0 war axe
rCold   . . .      Faith    .    j - +0 kite shield
rNeg    . . .      Spirit   .    i - +0 chain mail
rPois   .          Reflect  .    (no helmet)
rElec   .          Harm     .    (no cloak)
rCorr   .          Rampage  .    (no gloves)
Will    .....                    (no boots)
Stlth   ..........               (no amulet)
HPRegen 0.13/turn                (no ring)
MPRegen 0.09/turn                (no ring)

@: mighty
A: no striking features
a: no special abilities


You were on level 3 of the Dungeon.
You visited 1 branch of the dungeon, and saw 3 of its levels.

You collected 142 gold pieces.

Inventory:

Hand Weapons
 a - a +0 war axe (weapon)
Armour
 b - a +0 scale mail
 c - a +0 buckler
 i - a +0 chain mail (worn)
 j - a +0 kite shield (worn)
Scrolls
 e - a scroll of enchant armour {unknown}
 f - a scroll of teleportation {unknown}
 g - a scroll of magic mapping {unknown}
 h - 6 scrolls of identify {unknown}
 k - a scroll of fear {unknown}
 m - a scroll of blinking {unknown}
 o - a scroll of poison {unknown}
 p - a scroll of silence {unknown}
Potions
 l - a potion of flight {unknown}
 n - a potion of brilliance {unknown}


   Skills:
 + Level 4.2 Fighting
 * Level 4.4 Axes
 + Level 3.9 Armour
 + Level 3.9 Shields


You had 3 spell levels left.
You didn't know any spells.
Your spell library was empty.

Dungeon Overview and Level Annotations

Branches:
Dungeon (3/15)

Altars:
Elyvilon

Annotations:
D:3 Sigmund


Message History

A gnoll comes into view. It is wielding a +0 spear.
The gnoll hits you but does no damage.
Found a stone staircase leading up.
You block the gnoll's attack. The gnoll hits you but does no damage.
You see here a +0 club.
You barely miss the gnoll. You slash the gnoll! You block the gnoll's attack.
The gnoll hits you with a +0 spear. The gnoll hits you but does no damage.
You barely miss the gnoll. You hit the gnoll.
The gnoll hits you but does no damage. The gnoll hits you with a +0 spear.
The gnoll barely misses you. You block Sigmund's attack.
The gnoll hits you but does no damage. The gnoll hits you with a +0 spear.
You block the gnoll's attack.
You barely miss the gnoll.
The gnoll is severely wounded.
You barely miss the gnoll. The gnoll barely misses you. x2
The gnoll hits you with a +0 spear.
Sigmund gestures wildly while chanting.
Sigmund flickers and vanishes!
Deactivating autopickup; reactivate with Ctrl-A.
You slash the gnoll!
You kill the gnoll!
You slash the gnoll! The gnoll hits you but does no damage.
You block the gnoll's attack. Something hits you!
The gnoll barely misses you. x2
You closely miss the gnoll.
The gnoll is heavily wounded.
Something hits you.
The gnoll hits you from afar with a +0 halberd!
* * * LOW HITPOINT WARNING * * *
You block the gnoll's attack.
You slash the gnoll!
The gnoll is almost dead.
The gnoll hits you but does no damage. You block the gnoll's attack.
Something hits you.
* * * LOW HITPOINT WARNING * * *
You completely miss the gnoll.
The gnoll is almost dead.
The gnoll hits you from afar with a +0 halberd.
* * * LOW HITPOINT WARNING * * *
The gnoll hits you with a +0 spear.
You die...

#.# ###.. .. #.# #. #.#
# #. #.#.# #.#
##.###.#.# ....
...##.#.# #### ##.
..<..#.{##.#.# #.. ..#
......g)##.#.# #.# #.# .
#@##.#.###.# #.#
....##.##.#.....# #..
#.....g....#..##.# #..
##.#...^......##.#####..
####.##....>..)..†)..
......#####.######.
#......# #.######.
........# #........
##.......# #.#...##.


You could see 2 gnolls.

Vanquished Creatures
  An adder (D:3)
  2 gnolls (D:3)
  3 worms (D:2)
  An orc (D:3)
  3 ball pythons (D:1)
  8 endoplasms
  A giant cockroach (D:1)
  5 goblins
  9 hobgoblins
  6 jackals (D:3)
  A quokka (D:1)
  4 bats
  A kobold (D:3)
  4 rats
49 creatures vanquished.

Vanquished Creatures (others)
  A fungus (D:3)
  5 plants (D:3)
6 creatures vanquished.

Grand Total: 55 creatures vanquished

Notes
Turn   | Place    | Note
-------+----------+-------------------------------------------
     0 | D:1      | PublicAnimeNo1 the Hill Orc Fighter began the quest for the
                  | Orb.
     0 | D:1      | Reached XP level 1. HP: 19/19 MP: 1/1
   151 | D:1      | Reached XP level 2. HP: 20/27 MP: 2/2
   738 | D:1      | Reached XP level 3. HP: 31/33 MP: 3/3
  1102 | D:2      | Found a white marble altar of Elyvilon.
  1914 | D:3      | Reached XP level 4. HP: 40/40 MP: 4/4
  2179 | D:3      | Noticed Sigmund
  2187 | D:3      | Slain by a gnoll

Illustrated notes

Levels and vault maps discovered:
D:1:      reono_arrival_mine, layout_rooms
D:2:      layout_rooms, basic_altar, minmay_quadrilaterals
D:3:      layout_loops_ring, serial_shops, nicolae_shop_statue_plus,
          shapermc_ecumenical_altar_rom_forum, uniq_sigmund

Skill      XL: |  1  2  3 |
---------------+----------+-----
Axes           | 3 4 |  4.4
Fighting       | 4 |  4.2
Armour         | |  3.9
Shields        | |  3.9

Action                   |  1- 3 |  4- 6 || total
-------------------------+-------+-------++-------
Melee: War axe           |   112 |    43 ||   155
  Use: Potion            |       |     1 ||     1
Armor: Scale mail        |    35 |       ||    35
       Chain mail        |     9 |    28 ||    37
Dodge: Dodged            |    45 |     8 ||    53
Block: Buckler           |    16 |       ||    16
       Kite shield       |    10 |    24 ||    34

Table legend: (Time is in decaauts)
 A = Elapsed time spent in this place.
 B = Non-inter-level travel time spent in this place.
 C = Inter-level travel time spent in this place.
 D = Time resting spent in this place.
 E = Time spent auto-exploring this place.
 F = Levels seen in this place.
 G = Mean time per level.
                   A        B        C        D        E       F      G
               +--------+--------+--------+--------+--------+-----+--------+
         Total |   2253 |   2202 |     51 |    265 |   1525 |   3 |  751.0 |
       Dungeon |   2253 |   2202 |     51 |    265 |   1525 |   3 |  751.0 |
               +--------+--------+--------+--------+--------+-----+--------+

Top non-repeatable levels by time:
     D:2: 1086 daAuts
     D:1: 850 daAuts
     D:3: 316 daAuts
